 Dungeon Crawl Stone Soup version 0.25-a0-316-gd28d56f9c5 (webtiles) character file.

Game seed: 4935999516996195653, levelgen mode: classic

92 EnegeticOcto the Sneak (level 4, -5/38 HPs)
             Began as a Ghoul Assassin on Dec 25, 2019.
             Killed from afar by Ijyb (9 damage)
             ... with a puff of flame
             ... on level 4 of the Dungeon.
             The game lasted 00:02:19 (1994 turns).

EnegeticOcto the Sneak (Ghoul Assassin)             Turns: 1994, Time: 00:02:20

Health: -5/38      AC: 11    Str: 15    XL:     4   Next: 60%
Magic:  3/3        EV:  4    Int:  6    God:
Gold:   43         SH:  0    Dex: 10    Spells: 3/3 levels left

rFire    . . .     SeeInvis .     - Unarmed
rCold    + . .     Gourm    .   (no shield)
rNeg     + + +     Faith    .   l - +0 plate armour
rPois    ∞         Spirit   .   (no helmet)
rElec    .         Reflect  .   c - +0 cloak
rCorr    .         Harm     .   (no gloves)
MR       .....                  (no boots)
Stlth    ..........             (no amulet)
HPRegen  0.00/turn              (no ring)
MPRegen  0.08/turn              (no ring)

@: rotting
A: rotting body, claws 1, carnivore, cold resistance 1, negative energy
resistance 3, inhibited regeneration, torment resistance, unbreathing
a: no special abilities


You were on level 4 of the Dungeon.
You were not hungry.

You visited 1 branch of the dungeon, and saw 3 of its levels.

You collected 43 gold pieces.

Inventory:

Hand Weapons
 a - a +2 dagger
Missiles
 d - 4 poisoned darts (quivered)
 j - 8 javelins
Armour
 b - a +0 robe
 c - a +0 cloak (worn)
 l - a +0 plate armour (worn)
Scrolls
 g - 2 scrolls of blinking {unknown}
 h - a scroll of teleportation {@r3 !r}
 i - 2 scrolls of identify {@r1}
 m - a scroll of amnesia {unknown}
Comestibles
 e - 4 rations


   Skills:
 + Level 3.4 Fighting
 - Level 1.7 Short Blades
 - Level 1.7 Throwing
 - Level 0.8 Dodging
 - Level 4.3 Stealth
 * Level 3.6 Unarmed Combat


You had 3 spell levels left.
You didn't know any spells.
Your spell library was empty.

Dungeon Overview and Level Annotations

Branches:
Dungeon (2/15)

Altars:

Annotations:
D:4 2 runed translucent doors, Ijyb


Innate Abilities, Weirdness & Mutations

Your body is rotting away.
You thrive on raw meat.
You are immune to poison.
You have sharp fingernails.
You are carnivorous and can eat meat at any time.
Your flesh is cold resistant. (rC+)
You are immune to negative energy. (rN+++)
You do not regenerate when monsters are visible.
You are immune to unholy pain and torment.
You can survive without breathing.


Message History

The adder is moderately wounded.
The adder bites you.
You scratch the adder.
The adder is almost dead.
The adder barely misses you.
Your plate armour prevents you from hitting the adder.
The adder is almost dead.
The adder barely misses you.
You barely miss the adder.
The adder is almost dead.
The adder barely misses you. The adder bites you but does no damage.
You scratch the adder.
You kill the adder!
Throwing (i - inventory. (/) - cycle)
f - 2 curare-tipped darts (quivered)
Press: ? - help, Shift-Dir - straight line, f - Ijyb
Aim: Ijyb, wielding a +0 dagger, wearing a +3 chain mail of cold resistance and carrying a wand of flame (17)
You throw a curare-tipped dart.
The curare-tipped dart closely misses Ijyb.
Ijyb screams, "Me stronger than you!"
Ijyb zaps a wand.
The puff of flame hits you but does no damage.
Throwing (i - inventory. (/) - cycle)
f - a curare-tipped dart (quivered)
Press: ? - help, Shift-Dir - straight line, f/p - Ijyb
Aim: Ijyb, wielding a +0 dagger, wearing a +3 chain mail of cold resistance and carrying a wand of flame (16)
You throw a curare-tipped dart.
The curare-tipped dart closely misses Ijyb.
Ijyb zaps a wand.
The puff of flame hits you but does no damage.
You barely miss Ijyb.
Ijyb zaps a wand.
The puff of flame hits you.
You scratch Ijyb.
Ijyb is moderately wounded.
Ijyb hits you but does no damage.
You scratch Ijyb.
Ijyb is heavily wounded.
Ijyb hits you but does no damage.
You barely miss Ijyb.
Ijyb is heavily wounded.
Ijyb barely misses you.
You closely miss Ijyb.
Ijyb is heavily wounded.
Ijyb hits you but does no damage.
Your plate armour prevents you from hitting Ijyb.
Ijyb is heavily wounded.
Ijyb hits you but does no damage.
You scratch Ijyb but do no damage.
Ijyb is heavily wounded.
You scratch Ijyb but do no damage.
Ijyb is heavily wounded.
Ijyb zaps a wand.
The puff of flame hits you!
You are too injured to fight recklessly!
You are too injured to fight recklessly!
You are too injured to fight recklessly!
You are too injured to fight recklessly!
You are too injured to fight recklessly!
Throwing (i - inventory. (/) - cycle)
d - 8 poisoned darts (quivered)
Press: ? - help, Shift-Dir - straight line, f/p - Ijyb
Aim: Ijyb, wielding a +0 dagger, wearing a +3 chain mail of cold resistance and carrying a wand of flame (13) (heavily wounded)
You throw a poisoned dart. The poisoned dart barely misses Ijyb.
Ijyb hits you with a +0 dagger.
You are too injured to fight recklessly!
You are too injured to fight recklessly!
You are too injured to fight recklessly!
You are too injured to fight recklessly!
Throwing (i - inventory. (/) - cycle)
d - 7 poisoned darts (quivered)
Press: ? - help, Shift-Dir - straight line, f/p - Ijyb
Aim: Ijyb, wielding a +0 dagger, wearing a +3 chain mail of cold resistance and carrying a wand of flame (13) (heavily wounded)
You throw a poisoned dart. The poisoned dart closely misses Ijyb.
Ijyb screams, "You nasty!
Big nasty!"
Ijyb zaps a wand.
The puff of flame hits you.
Eat a chunk of flesh? (ye/n/q)
You eat the chunk of flesh.
This raw flesh tastes great!
Ijyb zaps a wand.
The puff of flame hits you.
You scratch Ijyb.
Ijyb is heavily wounded.
Ijyb hits you but does no damage.
Throwing (i - inventory. (/) - cycle)
d - 6 poisoned darts (quivered)
Press: ? - help, Shift-Dir - straight line, f/p - Ijyb
Aim: Ijyb, wielding a +0 dagger, wearing a +3 chain mail of cold resistance and carrying a wand of flame (11) (heavily wounded)
You throw a poisoned dart. The poisoned dart hits Ijyb.
Ijyb is heavily wounded.
Ijyb hits you but does no damage.
Throwing (i - inventory. (/) - cycle)
d - 5 poisoned darts (quivered)
Press: ? - help, Shift-Dir - straight line, f/p - Ijyb
Aim: Ijyb, wielding a +0 dagger, wearing a +3 chain mail of cold resistance and carrying a wand of flame (11) (heavily wounded)
You throw a poisoned dart. The poisoned dart closely misses Ijyb.
Ijyb zaps a wand.
The puff of flame hits you.
* * * LOW HITPOINT WARNING * * *
You aren't carrying any potions.
You scratch Ijyb.
Ijyb is severely wounded.
Ijyb zaps a wand.
The puff of flame hits you.
* * * LOW HITPOINT WARNING * * *
Your plate armour prevents you from hitting Ijyb.
Ijyb is heavily wounded.
Ijyb hits you with a +0 dagger.
* * * LOW HITPOINT WARNING * * *
You closely miss Ijyb.
Ijyb is heavily wounded.
Ijyb zaps a wand.
The puff of flame hits you!
You die...

..###.####..#.###..# ####
......##....#.....# ....#
.........######..##.....#
.#######....#.[.........#
.##### ####.#..####.....#
.....# #.#...# ....#
.###.# ##...#.## .###
.....# ##...##..# #
.##..# #.....##@#
..#..###.......#g#
......#..........#
......+.........+...g..
....#.# ..........#....
#.#.#.# .......##.# #.#
.###### ####..# .. . .#
#.. #.. .+≈ ≈+.. .##


You could see Ijyb.

Vanquished Creatures
  A worker ant (D:4)
  3 adders
  An ooze (D:1)
  2 worms
  2 dart slugs
  A ball python (D:1)
  4 bats
  A giant cockroach (D:1)
  A hobgoblin (D:1)
  4 jackals
  3 kobolds
  A frilled lizard (D:2)
  2 goblins (D:1)
  4 rats
30 creatures vanquished.

Notes
Turn   | Place    | Note
-------+----------+-------------------------------------------
     0 | D:1      | EnegeticOcto the Ghoul Assassin began the quest for the
                  | Orb.
     0 | D:1      | Reached XP level 1. HP: 17/17 MP: 0/0
   155 | D:1      | Reached skill level 1 in Unarmed Combat
   180 | D:1      | Reached XP level 2. HP: 25/25 MP: 1/1
   514 | D:1      | Reached XP level 3. HP: 29/30 MP: 2/2
  1665 | D:2      | You fall into a shaft and drop 2 floors!
  1666 | D:4      | Found a runed translucent door.
  1672 | D:4      | Reached XP level 4. HP: 24/38 MP: 3/3
  1954 | D:4      | Found a runed translucent door.
  1955 | D:4      | Noticed Ijyb
  1994 | D:4      | Killed from afar by Ijyb

Levels and vault maps discovered:
D:1:      dpeg_arrival_tiny_j, layout_rooms
D:2:      layout_basic, first_ration, minmay_misc_feat_iff, uniq_robin
D:4:      layout_loops_corners, nicolae_ru_great_annihilating_truth,
          ebering_ghost_sewer_f, fedhas_altar_1, uniq_ijyb, uniq_pikel

Skill      XL: |  1  2  3 |
---------------+----------+-----
Unarmed Combat | 1 2 3 |  3.6
Fighting       | 3 |  3.4
Short Blades   | |  1.7
Throwing       | |  1.7
Dodging        | |  0.8
Stealth        | |  4.3

Action                   |  1- 3 |  4- 6 || total
-------------------------+-------+-------++-------
Melee: Unarmed           |   126 |    39 ||   165
       Dagger            |     7 |       ||     7
Throw: Dart              |       |     6 ||     6
  Use: Scroll            |     2 |       ||     2
 Stab: Sleeping          |     3 |       ||     3
  Eat: Chunk             |    17 |     1 ||    18
Armor: Robe              |    36 |       ||    36
       Plate armour      |       |    20 ||    20
Dodge: Dodged            |   102 |    14 ||   116

Table legend:
 A = Non-vault XP
 B = Vault XP
 C = Vault XP percentage of total XP
 D = Non-vault monster count
 E = Vault monster count
 F = Vault count percentage of total count
                 A         B        C        D         E       F
            +---------+---------+-------+---------+---------+-------
      Total |     132 |       0 |   0.0 |      30 |       0 |   0.0
            +---------+---------+-------+---------+---------+-------
        D:1 |      34 |       0 |   0.0 |      16 |       0 |   0.0
        D:2 |      44 |       0 |   0.0 |      11 |       0 |   0.0
        D:4 |      54 |       0 |   0.0 |       3 |       0 |   0.0
            +---------+---------+-------+---------+---------+-------
